cohdb
Replays
Latest Replays
All Replays
Popular Replays
Top Player Replays
Match Explorer
How It Works
Community
CoH3 Stats
Reddit
Sign in to upload your games and track your stats! →
Sign in with Steam
Match 43917242
Unlisted
Match 43917242
Overview
Messages
Build Orders
End
Kradschützen Motorcycle Team
Selects Italian Combined Arms Battlegroup
Selects Bersaglieri Squad
Bersaglieri Squad
Bersaglieri Squad
Construct Light Support Kompanie
MG34 Team
2.5-tonne Medical Truck
Selects Bersaglieri Bolster
Bersaglieri Squad
Panzerjäger Mechanized Group
Fire Support Elements
Selects Breda Model 30 Light Machine Guns
Flakvierling Half-track
Vehicle Survival Package
Panzerjäger Squad
Panzerjäger Mechanized Group
Construct Panzerarmee Kommand
Veteran Squad Leaders
Selects Semovente da 75/18 Assault Gun
Panzer III L Medium Tank
mec
Brother
0
0
Comments
sign in to comment!
No comments posted yet!